 Dungeon Crawl Stone Soup version 0.13.1-2-gfb2c2b7 (webtiles) character file.

147 Lilouch the Cudgeler (level 3, -4/22 HPs)
             Began as a Gargoyle Chaos Knight on Dec 5, 2013.
             Was a Plaything of Xom.
             Slain by Crazy Yiuf
             ... wielding a +3,+4 quarterstaff of chaos
              (10 damage)
             ... on Level 2 of the Dungeon.
             The game lasted 00:03:57 (1062 turns).

Lilouch the Cudgeler (Gargoyle Chaos Knight)        Turns: 1062, Time: 00:03:57

HP  -4/22        AC  9     Str 16      XL: 3   Next:  4%
MP   3/3         EV 10     Int 12      God: Xom
Gold 122         SH  0     Dex  9      Spells:  0 memorised,  2 levels left

Res.Fire  : . . .   See Invis. : .   h - +0,-2 orc dagger (curse)
Res.Cold  : . . .   Warding    : .   b - +2 leather armour
Life Prot.: + . .   Conserve   : .   (no shield)
Res.Poison: +       Res.Corr.  : .   d - +0 helmet
Res.Elec. : +       Clarity    : .   (no cloak)
Sust.Abil.: . .     Spirit.Shd : .   (no gloves)
Res.Mut.  : .       Stasis     : .   (no boots)
Res.Rott. : +       Flight     : .   (no amulet)
Saprovore : . . .                    (no ring)
                                     (no ring)

@: not resistant to hostile enchantments, very unstealthy
A: fangs 1, talons 2, life protection 1, electricity resistance, slow metabolism
1, unbreathing, petrification resistance, AC +3
a: Renounce Religion


You were on level 2 of the Dungeon.
You worshipped Xom.
You were a very special plaything of Xom.
You were not hungry.

You visited 1 branch of the dungeon, and saw 2 of its levels.

You collected 102 gold pieces.

Inventory:

Hand weapons
 a - a +0,+0 mace of chaos
 g - a +3,+2 elven dagger
 h - a cursed +0,-2 orcish dagger (weapon)
 i - a +0,+0 club (quivered)
 q - a +0,+0 spear
 y - a +0,+0 hammer
Missiles
 n - 16 poisoned bolts
 o - 10 arrows of dispersal
Armour
 b - a +2 leather armour (worn)
 d - a +0 helmet (worn)
 e - a +0 plate armour
Comestibles
 c - a bread ration
 j - a lemon
 p - a meat ration
 s - a chunk of ball python flesh
 u - 2 rotting chunks of goblin flesh
 v - a rotting chunk of kobold flesh
 x - a chunk of ball python flesh
Scrolls
 f - 2 scrolls of identify {unknown}
 k - a scroll of teleportation {unknown}
 l - 2 scrolls of remove curse {unknown}
 m - a scroll of enchant armour {unknown}
 t - a scroll of fear {unknown}
 w - 2 scrolls of recharging {unknown}
Potions
 r - a potion of mutation {unknown}


   Skills:
 - Level 3.4 Fighting
 + Level 3.7 Maces & Flails
 + Level 3.0 Armour
 - Level 0.8 Dodging


You had 2 spell levels left.
You didn't know any spells.

Dungeon Overview and Level Annotations

Branches:
Dungeon (2/27)

Altars:

Annotations:
D:2 Crazy Yiuf


Innate Abilities, Weirdness & Mutations

You are resistant to torment.
You are immune to poison.
Your stone body is very resilient (AC +3).
You have very sharp teeth.
You have razor-sharp toenails.
You resist negative energy.
You are resistant to electric shocks.
You have a slow metabolism.
You can survive without breathing.
You are immune to petrification.


Message History

The kobold shouts!
Crazy Yiuf screams, "Pitchfork!
Goldfish arga seventy."
The kobold throws a dart.
The dart misses you.
You see here a dart.
The kobold throws a dart.
The dart misses you.
You see here a dart.
You hit Crazy Yiuf but do no damage. You claw Crazy Yiuf.
You bite Crazy Yiuf, but do no damage.
Crazy Yiuf is moderately wounded.
Crazy Yiuf misses you.
You hit Crazy Yiuf but do no damage. Your kick misses Crazy Yiuf.
You bite Crazy Yiuf.
Crazy Yiuf is moderately wounded.
Crazy Yiuf closely misses you.
You hit Crazy Yiuf but do no damage. Your kick misses Crazy Yiuf.
You bite Crazy Yiuf.
Crazy Yiuf is heavily wounded.
Crazy Yiuf hits you with a quarterstaff of chaos!
You die...
Xom roars with laughter!

#.# #... #.. #K.
#..... #.##.# #.##.#
#.##.# #@##.# #g##.#
#?##.##### #.##.#...
#.##.#.########
#.##...........
######.##.##.#######
##......##.# .#
#...###.##.# .#


You could see Crazy Yiuf and a kobold.

Vanquished Creatures
  An ooze (D:1)
  3 giant cockroaches (D:1)
  2 goblins (D:1)
  4 hobgoblins
  2 kobolds
  3 ball pythons
  4 bats (D:1)
  A giant gecko (D:1)
  2 rats (D:1)
22 creatures vanquished.

Notes
Turn   | Place    | Note
--------------------------------------------------------------
     0 | D:1      | Lilouch, the Gargoyle Chaos Knight, began the quest for the Orb.
     0 | D:1      | Reached XP level 1. HP: 12/12 MP: 1/1
   167 | D:1      | Reached XP level 2. HP: 11/17 MP: 2/2
   564 | D:1      | XOM: harmless Erth miscast
   599 | D:1      | XOM: harmless Conj miscast
   927 | D:2      | Reached XP level 3. HP: 19/22 MP: 3/3
  1031 | D:2      | Noticed Crazy Yiuf
  1032 | D:2      | XOM: confuse monster(s)
  1042 | D:2      | XOM: silly message
  1062 | D:2      | Slain by Crazy Yiuf

Action                   || total
-------------------------++-------
Melee: Dagger            ||   115
       Mace              ||    12
Throw: Club              ||     2
